 Dungeon Crawl Stone Soup version 0.26-a0-540-g8a0c9464d7 (webtiles) character file.

Game seed: 3285802113425748802

72 Lanoc the Skirmisher (level 4, -7/40 HPs)
             Began as a Minotaur Fighter on Aug 16, 2020.
             Mangled by Sassenached's ghost (8 damage)
             ... on level 3 of the Dungeon.
             The game lasted 00:01:11 (948 turns).

Lanoc the Skirmisher (Minotaur Fighter)              Turns: 948, Time: 00:01:12

Health: -7/40      AC:  7    Str: 20    XL:     4   Next: 7%
Magic:  3/3        EV:  8    Int:  5    God:
Gold:   64         SH:  9    Dex: 11    Spells: 3/3 levels left

rFire    . . .     SeeInvis .   a - +0 war axe
rCold    . . .     Faith    .   c - +0 kite shield
rNeg     . . .     Spirit   .   b - +0 scale mail
rPois    .         Reflect  .   (helmet restricted)
rElec    .         Harm     .   (no cloak)
rCorr    .                      (no gloves)
MR       .....                  (no boots)
Stlth    ..........             (no amulet)
HPRegen  0.13/turn              (no ring)
MPRegen  0.08/turn              (no ring)

@: stab
A: retaliatory headbutt, horns 2
a: no special abilities


You were on level 3 of the Dungeon.
You visited 1 branch of the dungeon, and saw 3 of its levels.

You collected 64 gold pieces.

Inventory:

Hand Weapons
 a - a +0 war axe (weapon)
Armour
 b - a +0 scale mail (worn)
 c - a +0 kite shield (worn)
Scrolls
 f - a scroll of noise {unknown}
 g - a scroll of blinking {unknown}
 i - a scroll of fog {unknown}
 k - a scroll of identify {unknown}
 l - a scroll of amnesia {unknown}
Potions
 d - a potion of might
 e - a potion of cancellation {unknown}
 h - a potion of brilliance {unknown}
 j - a potion of stabbing


   Skills:
 + Level 4.1 Fighting
 * Level 3.7 Axes
 + Level 4.1 Armour
 + Level 1.2 Dodging
 + Level 4.1 Shields


You had 3 spell levels left.
You didn't know any spells.
Your spell library was empty.

Dungeon Overview and Level Annotations

Branches:
Dungeon (3/15)

Altars:
Nemelex Xobeh
Qazlal
Wu Jian
Xom
Zin

Annotations:
D:3 Sassenached's ghost, amateur DrWn


Innate Abilities, Weirdness & Mutations

You reflexively headbutt those who attack you in melee.
You have a pair of horns on your head.


Message History

You hit Sassenached's ghost but do no damage.
Sassenached's ghost is heavily damaged.
Sassenached's ghost hits you.
You slash Sassenached's ghost!
Sassenached's ghost is severely damaged.
Sassenached's ghost hits you.
* * * LOW HITPOINT WARNING * * *
x2 Sassenached's ghost hits you but does no damage.
You barely miss Sassenached's ghost.
Your headbutt misses Sassenached's ghost.
Sassenached's ghost is severely damaged.
You block Sassenached's ghost's attack.
Your scale mail prevents you from hitting Sassenached's ghost.
Sassenached's ghost is severely damaged.
Sassenached's ghost hits you.
* * * LOW HITPOINT WARNING * * *
x2 It was a potion of stabbing.
You feel ready to backstab. Sassenached's ghost hits you!
You die...

######### ##.#.....#
#..@W≈≈≈(#
#..#.....#
#.########## #.#
##.....#########
#.###........#......
#.........##.#.....(
####.#.†..##........
############
#.#..[.####......
#..........#
#.###### #......


You could see Sassenached's ghost.

Vanquished Creatures
  3 adders (D:3)
  An ooze (D:2)
  2 worms (D:3)
  3 dart slugs (D:3)
  7 orcs (D:3)
  A ball python (D:2)
  A giant cockroach (D:3)
  A goblin (D:3)
  A hobgoblin (D:3)
  2 bats (D:3)
  5 rats
27 creatures vanquished.

Notes
Turn   | Place    | Note
-------+----------+-------------------------------------------
     0 | D:1      | Lanoc the Minotaur Fighter began the quest for the Orb.
     0 | D:1      | Reached XP level 1. HP: 19/19 MP: 0/0
   202 | D:2      | Found a shimmering altar of Xom.
   303 | D:3      | Reached XP level 2. HP: 24/27 MP: 1/1
   328 | D:3      | Found an ornate altar of the Wu Jian Council.
   360 | D:3      | Found a sparkling altar of Nemelex Xobeh.
   377 | D:3      | Reached XP level 3. HP: 33/33 MP: 2/2
   380 | D:3      | Reached skill level 1 in Dodging
   607 | D:3      | Found a glowing silver altar of Zin.
   716 | D:3      | Found a stormy altar of Qazlal.
   808 | D:3      | Reached XP level 4. HP: 40/40 MP: 3/3
   931 | D:3      | Found a runed translucent door.
   932 | D:3      | Noticed Sassenached's ghost (amateur DrWn)
   947 | D:3      | HP: 1/40 [Sassenached's ghost (2)]
   948 | D:3      | Mangled by Sassenached's ghost

Illustrated notes

Levels and vault maps discovered:
D:1:      tarquinn_simple_flora_water_a, layout_basic, serial_park_tiny_1,
          minivault_11
D:2:      kennysheep_big_flooded_room, layout_loops_ring, lemuel_round_altar,
          marbit_many_paths, overflow_temple_1_default, serial_park_tiny_2
D:3:      layout_rooms, nicolae_overflow_crystal_walls, zin_statuary,
          nemelex_xobeh_ov_fountains_minmay, ebering_ghost_reflecting_pool,
          chequers_ecumenical_altar_lobes, nicolae_qazlal_general_emergency

Skill      XL: |  1  2  3 |
---------------+----------+-----
Axes           | 3 |  3.7
Fighting       | 4 |  4.1
Dodging        | 1 |  1.2
Shields        | 4 |  4.1
Armour         | 4 |  4.1

Action                   |  1- 3 |  4- 6 || total
-------------------------+-------+-------++-------
Melee: War axe           |    46 |    22 ||    68
       Headbutt          |    14 |     5 ||    19
  Use: Potion            |       |     1 ||     1
Armor: Scale mail        |    13 |     4 ||    17
Dodge: Dodged            |    15 |     7 ||    22
Block: Kite shield       |    19 |     5 ||    24

Table legend: (Time is in decaauts)
 A = Elapsed time spent in this place.
 B = Non-inter-level travel time spent in this place.
 C = Inter-level travel time spent in this place.
 D = Time resting spent in this place.
 E = Time spent auto-exploring this place.
 F = Levels seen in this place.
 G = Mean time per level.
                   A        B        C        D        E       F      G
               +--------+--------+--------+--------+--------+-----+--------+
         Total |    975 |    955 |     20 |      0 |    792 |   3 |  325.0 |
       Dungeon |    975 |    955 |     20 |      0 |    792 |   3 |  325.0 |
               +--------+--------+--------+--------+--------+-----+--------+

Top non-repeatable levels by time:
     D:3: 677 daAuts
     D:2: 212 daAuts
     D:1: 85 daAuts
